 Dungeon Crawl Stone Soup version 0.19.1-1-g22dce08 (webtiles) character file.

13850 theAP the Brawler (level 11, -18/115 HPs)
             Began as a Troll Fighter on Jan 15, 2017.
             Was an Elder of Okawaru.
             Killed from afar by an ice dragon (27 damage)
             ... with a blast of cold
             ... on level 15 of the Dungeon.
             The game lasted 00:24:48 (9360 turns).

theAP the Brawler (Troll Fighter)                   Turns: 9360, Time: 00:24:48

Health: -18/115    AC: 12    Str: 30    XL:     11   Next: 81%
Magic:  10/10      EV:  8    Int:  2    God:    Okawaru [****..]
Gold:   781        SH: 11    Dex:  9    Spells: 0 memorised, 10 levels left

rFire  . . .     SeeInvis .       - Unarmed
rCold  . . .     Gourm    +     N - +0 troll leather armour
rNeg   . . .     Faith    .     b - +2 shield
rPois  .         Spirit   .     q - +2 hat
rElec  +         Reflect  .     K - +2 cloak
rCorr  .         Harm     .     (gloves unavailable)
MR     +....                    (boots unavailable)
Stlth  ++........               n - amulet of rage
                                D - ring of Conformity {rElec Str+3}
                                M - ring of stealth

@: very slightly contaminated, hasted, very quick
A: unfitting armour, claws 3, talons 1, dopey 1, fast metabolism 3, gourmand,
magic resistance 1, regeneration 1, shaggy fur 1, tough skin 2, weak 1, subdued
magic 1
a: Heroism, Renounce Religion, Evoke Berserk Rage


You were on level 15 of the Dungeon.
You worshipped Okawaru.
Okawaru was greatly pleased with you.
You were completely stuffed.

You visited 2 branches of the dungeon, and saw 14 of its levels.

You collected 833 gold pieces.
You spent 52 gold pieces at shops.

Inventory:

Armour
 a - a +0 robe
 b - a +2 shield (worn)
 q - a +2 hat (worn)
 t - a +2 robe of magic resistance
 x - a +2 robe of fire resistance
 K - a +2 cloak (worn)
 N - a +0 troll leather armour (worn)
Jewellery
 h - an uncursed ring of resist corrosion
 i - an uncursed amulet of harm
 n - an amulet of rage (around neck)
 w - an uncursed ring of wizardry
 B - an uncursed ring of see invisible
 D - the ring of Conformity (right claw) {rElec Str+3}
   (You found it on level 8 of the Dungeon)

   [ring of strength]

   It affects your strength (+3).
   It insulates you from electricity.
 L - an uncursed ring of teleportation
 M - a ring of stealth (left claw)
Wands
 c - a wand of acid (11/15)
 A - a wand of confusion (30/48)
 H - a wand of lightning (3/15)
Scrolls
 g - 3 scrolls of recharging
 p - 5 scrolls of amnesia
 r - 6 scrolls of identify
 s - 5 scrolls of noise
 v - a scroll of fog
 y - a scroll of magic mapping
 I - 2 scrolls of teleportation
 O - a scroll of remove curse
 P - a scroll of enchant weapon {unknown}
Potions
 e - 5 potions of degeneration
 j - 2 potions of agility
 m - 2 potions of lignification
 u - 4 potions of flight
 J - a potion of heal wounds
 R - a potion of ambrosia {unknown}
Books
 E - a book of Minor Magic

   Spells                             Type                      Level
   a - Magic Dart                     Conjuration                  1
   b - Blink                          Translocation                2
   c - Call Imp                       Summoning                    2
   d - Repel Missiles                 Charms/Air                   2
   e - Slow                           Hexes                        2
   f - Conjure Flame                  Conjuration/Fire             3
   g - Mephitic Cloud                 Conjuration/Poison/Air       3
 F - a book of Maledictions

   Spells                             Type                      Level
   a - Corona                         Hexes                        1
   b - Ensorcelled Hibernation        Hexes/Ice                    2
   c - Confuse                        Hexes                        3
   d - Tukima's Dance                 Hexes                        3
   e - Dazzling Spray                 Conjuration/Hexes            3
 G - a book of Callings

   Spells                             Type                      Level
   a - Summon Small Mammal            Summoning                    1
   b - Call Imp                       Summoning                    2
   c - Call Canine Familiar           Summoning                    3
   d - Summon Guardian Golem          Hexes/Summoning              3
   e - Summon Lightning Spire         Summoning/Air                4
   f - Summon Ice Beast               Ice/Summoning                4
 Q - a book of Cantrips

   Spells                             Type                      Level
   a - Confusing Touch                Hexes                        1
   b - Animate Skeleton               Necromancy                   1
   c - Summon Small Mammal            Summoning                    1
   d - Apportation                    Translocation                1
Comestibles
 d - 10 bread rations
 f - 14 fruits
 k - 6 meat rations
 o - 2 beef jerkies
 C - 4 royal jellies


   Skills:
 + Level 9.6 Fighting
 - Level 2.4 Dodging
 - Level 2.4 Shields
 * Level 15.1 Unarmed Combat


You had 10 spell levels left.
You didn't know any spells.

Dungeon Overview and Level Annotations

Branches:
Dungeon (12/15)            Temple (1/1) D:6            Lair (0/6) D:10
    Orc (0/2) D:9          Depths (0/5) D:15

Altars:
Ashenzari
Cheibriados
Dithmenos
Elyvilon
Fedhas
Gozag
Hepliaklqana
Kikubaaqudgha
Makhleb
Nemelex Xobeh
Okawaru
Qazlal
Ru
Sif Muna
Trog
Uskayaw
Vehumet
Xom
Yredelemnul
Zin
The Shining One
Beogh

Shops:
D:4 (*}!


Innate Abilities, Weirdness & Mutations

You are too large for most types of armour.
You have claws for hands.
Your metabolism is lightning-fast.
You like to eat raw meat.
Your natural rate of healing is unusually fast.
You are covered in fur. (AC +1)
You have very tough skin. (AC +2)
You have sharp toenails.
You are dopey. (Int -2)
You are resistant to hostile enchantments. (MR+)
You are weak. (Str -2)
Your spells are a little easier to cast, but a little less powerful.


Message History

You block the ice dragon's attack. x2; The ice dragon tramples you.
* * * LOW HITPOINT WARNING * * *
You hold your ground!
You scratch the ice dragon.
You claw the ice dragon, but do no damage.
The ice dragon is severely wounded.
You barely miss the ice dragon.
You claw the ice dragon, but do no damage.
The ice dragon is severely wounded.
The ice dragon bites you!
* * * LOW HITPOINT WARNING * * *
You block the ice dragon's attack. The ice dragon barely misses you.
You barely miss the ice dragon. Your kick misses the ice dragon.
The ice dragon is severely wounded.
You closely miss the ice dragon.
You claw the ice dragon, but do no damage.
The ice dragon is severely wounded.
The ice dragon breathes frost at you. The blast of cold hits you!
You die...

#######
##.$$$$##
#.@[....#
#....D#####.>#
#...##. ..8 ##
.


You could see an ice dragon.

Vanquished Creatures
  A fire dragon (D:15)
  The ghost of dngmouse the Severer, a novice HOFi of Makhleb (D:10)
  2 hill giants
  Pikel (D:8)
  3 cyclopes
  An ugly thing (D:12)
  2 gargoyles (D:12)
  Psyche (D:12)
  A queen bee (D:8)
  2 trolls
  A two-headed ogre (D:10)
  A hornet (D:12)
  Grinder (D:5)
  2 hippogriffs
  2 wyverns
  4 hungry ghosts
  The ghost of PeterLawrence the Cudgeler, an amateur GrFi (D:4)
  A water moccasin (D:5)
  Menkaure (D:5)
  10 orc warriors
  2 black bears
  2 ice beasts
  2 sky beasts
  A phantom (D:6)
  A slave (D:8)
  2 ogres
  6 centaurs
  A crocodile (D:9)
  4 bullfrogs
  3 scorpions
  29 killer bees
  6 howler monkeys
  4 crimson imps
  A bullfrog zombie (D:6)
  2 jellies
  A quasit (D:12)
  A gnoll shaman (D:7)
  2 centaur skeletons
  9 orc priests
  3 hounds
  12 orc wizards
  An iguana (D:9)
  Natasha (twice) (D:4)
  Ijyb (D:2)
  9 worker ants
  A hound skeleton (D:9)
  A howler monkey zombie (D:8)
  5 gnolls (D:7)
  3 worker ant zombies
  15 adders
  3 shadow imps
  An adder skeleton (D:7)
  3 worms
  2 dart slugs
  2 leopard geckos (D:9)
  53 orcs
  2 ball pythons
  2 giant cockroaches (D:2)
  6 goblins
  9 hobgoblins
  8 jackals
  5 kobolds
  3 quokkas
  13 bats
  7 frilled lizards
  2 jackal skeletons
  A quokka skeleton (D:5)
  6 rats
299 creatures vanquished.

Vanquished Creatures (others)
  A slave (D:8)
  A crimson imp (D:8)
  3 orc wizards
  A centaur skeleton (D:8)
  An orc (D:8)
  A giant cockroach (D:8)
8 creatures vanquished.

Grand Total: 307 creatures vanquished

Notes
Turn   | Place    | Note
-------+----------+-------------------------------------------
     0 | D:1      | theAP the Troll Fighter began the quest for the Orb.
     0 | D:1      | Reached XP level 1. HP: 22/22 MP: 0/0
   160 | D:1      | Reached XP level 2. HP: 26/29 MP: 1/1
   571 | D:2      | Reached skill level 3 in Unarmed Combat
   571 | D:2      | Reached XP level 3. HP: 33/36 MP: 2/2
   998 | D:2      | Noticed Ijyb
  1005 | D:2      | Killed Ijyb
  1005 | D:2      | Reached XP level 4. HP: 7/45 MP: 3/3
  1315 | D:3      | Found a blossoming altar of Fedhas.
  1327 | D:3      | Reached skill level 4 in Unarmed Combat
  1742 | D:3      | Reached XP level 5. HP: 53/53 MP: 4/4
  2053 | D:4      | Found Imenk's Distillery.
  2060 | D:4      | Bought a potion of mutation for 35 gold pieces
  2060 | D:4      | Gained mutation: You are robust. (+10% HP) [potion of mutation]
  2060 | D:4      | Gained mutation: You occasionally shout uncontrollably at your foes. [potion of mutation]
  2099 | D:4      | Noticed an ogre
  2104 | D:4      | Killed an ogre
  2104 | D:4      | Reached skill level 5 in Unarmed Combat
  2140 | D:4      | Reached XP level 6. HP: 68/68 MP: 5/5
  2141 | D:4      | Noticed Natasha
  2151 | D:4      | Killed Natasha
  2288 | D:4      | Found Totuyworgh's Gadget Shoppe.
  2312 | D:4      | Noticed PeterLawrence's ghost (amateur GrFi)
  2323 | D:4      | Killed PeterLawrence's ghost
  2323 | D:4      | Reached skill level 6 in Unarmed Combat
  2495 | D:4      | Found Jaufucs's Assorted Antiques.
  2504 | D:4      | Bought a scroll labeled ACHOMI YTOC for 17 gold pieces
  2523 | D:4      | Found Xohaff's Weapon Shop.
  2763 | D:4      | Reached XP level 7. HP: 64/77 MP: 6/6
  2832 | D:4      | Noticed Natasha
  2838 | D:4      | Killed Natasha
  3027 | D:5      | Entered Level 5 of the Dungeon
  3064 | D:5      | Found a white marble altar of Elyvilon.
  3090 | D:5      | Noticed Menkaure
  3102 | D:5      | Killed Menkaure
  3255 | D:5      | Reached skill level 7 in Unarmed Combat
  3525 | D:5      | Reached skill level 5 in Fighting
  3695 | D:5      | Noticed Grinder
  3700 | D:5      | Killed Grinder
  3700 | D:5      | Reached skill level 8 in Unarmed Combat
  3700 | D:5      | Reached XP level 8. HP: 78/88 MP: 7/7
  3821 | D:6      | Found a shimmering altar of Xom.
  3837 | D:6      | Reached skill level 9 in Unarmed Combat
  3964 | D:6      | Found a shadowy altar of Dithmenos.
  3966 | D:6      | Found a radiant altar of Vehumet.
  3966 | D:6      | Found a hazy altar of Hepliaklqana.
  3966 | D:6      | Found a glowing golden altar of the Shining One.
  4008 | D:6      | Found a staircase to the Ecumenical Temple.
  4019 | Temple   | Entered the Ecumenical Temple
  4282 | D:6      | Found an ancient bone altar of Kikubaaqudgha.
  4515 | D:7      | Reached skill level 10 in Unarmed Combat
  4515 | D:7      | Reached XP level 9. HP: 97/97 MP: 8/8
  4527 | D:7      | Found a hide-covered altar of Uskayaw.
  4529 | D:7      | Found a shattered altar of Ashenzari.
  4534 | D:7      | Found a deep blue altar of Sif Muna.
  4900 | D:7      | Found a shadowy altar of Dithmenos.
  4975 | D:7      | Found a sparkling altar of Nemelex Xobeh.
  5269 | D:8      | Noticed Pikel
  5278 | D:8      | Killed Pikel
  5278 | D:8      | Reached skill level 11 in Unarmed Combat
  5556 | D:8      | Noticed a queen bee
  5562 | D:8      | Killed a queen bee
  5587 | D:8      | Reached XP level 10. HP: 58/112 MP: 9/9
  5754 | D:8      | Got a crude golden ring
  5768 | D:8      | Identified the ring of Conformity {rElec Str+3} (You found it on level 8 of the Dungeon)
  5799 | D:8      | Reached skill level 12 in Unarmed Combat
  6376 | D:9      | Found a roughly hewn altar of Beogh.
  6376 | D:9      | Found a staircase to the Orcish Mines.
  6717 | D:9      | Found an iron altar of Okawaru.
  6823 | D:9      | Became a worshipper of Warmaster Okawaru
  6992 | D:10     | Entered Level 10 of the Dungeon
  6993 | D:10     | Found a staircase to the Lair.
  7029 | D:10     | Reached skill level 13 in Unarmed Combat
  7036 | D:10     | Gained mutation: Your spells are a little easier to cast, but a little less powerful. [mutagenic meat]
  7037 | D:10     | Gained mutation: You are agile. (Dex +2) [mutagenic meat]
  7055 | D:10     | Noticed dngmouse's ghost (novice HOFi)
  7067 | D:10     | Lost mutation: You are agile. (Dex +2) [potion of cure mutation]
  7067 | D:10     | Lost mutation: You occasionally shout uncontrollably at your foes. [potion of cure mutation]
  7068 | D:10     | HP: 3/114 [dngmouse's ghost (22)]
  7070 | D:10     | Killed dngmouse's ghost
  7073 | D:10     | HP: 3/116 [poisoned by a killer bee]
  7080 | D:10     | HP: 5/116 [poisoned by a killer bee]
  7296 | D:10     | Noticed a hill giant
  7302 | D:10     | Killed a hill giant
  7302 | D:10     | Reached * piety under Okawaru
  7541 | D:10     | Reached XP level 11. HP: 92/124 MP: 10/10
  7898 | D:10     | Lost intelligence.
  8207 | D:11     | Reached ** piety under Okawaru
  8374 | D:11     | Reached skill level 14 in Unarmed Combat
  8792 | D:12     | Reached *** piety under Okawaru
  8827 | D:12     | Noticed Psyche
  8839 | D:12     | Killed Psyche
  8861 | D:12     | Gained mutation: You are dopey. (Int -2) [mutagenic meat]
  8862 | D:12     | Gained mutation: You are weak. (Str -2) [mutagenic meat]
  8863 | D:12     | Gained mutation: You have sharp toenails. [mutagenic meat]
  8864 | D:12     | Gained mutation: You are resistant to hostile enchantments. (MR+) [mutagenic meat]
  8865 | D:12     | Lost mutation: You are robust. (+10% HP) [mutagenic meat]
  8899 | D:12     | Noticed a hill giant
  8905 | D:12     | Killed a hill giant
  8969 | D:12     | Reached **** piety under Okawaru
  9021 | D:12     | Noticed a brown ugly thing
  9038 | D:12     | HP: 1/115 [acid (10)]
  9041 | D:12     | Killed a brown ugly thing
  9127 | D:12     | Reached skill level 15 in Unarmed Combat
  9338 | D:12     | You fall through a shaft for 3 floors!
  9338 | D:15     | Entered Level 15 of the Dungeon
  9338 | D:15     | Found a staircase to the Depths.
  9338 | D:15     | Noticed a fire dragon
  9348 | D:15     | Noticed an ice dragon
  9354 | D:15     | Killed a fire dragon
  9360 | D:15     | Killed from afar by an ice dragon

Skill      XL: |  1  2  3  4  5  6  7  8  9 10 11 |
---------------+----------------------------------+-----
Unarmed Combat | 3 4 5 6 8 10 11 13 15 | 15.1
Fighting       | 3 4 5 6 7 8 9 |  9.6
Dodging        | |  2.4
Shields        | |  2.4

Action                   |  1- 3 |  4- 6 |  7- 9 | 10-12 || total
-------------------------+-------+-------+-------+-------++-------
Melee: Unarmed           |   114 |   109 |   294 |   402 ||   919
       Kick              |       |       |       |    23 ||    23
 Abil: Evoke Berserk Rag |       |       |     2 |     1 ||     3
  Use: Potion            |     1 |     1 |     2 |     8 ||    12
       Scroll            |       |    10 |     7 |     6 ||    23
 Stab: Sleeping          |       |       |       |     1 ||     1
  Eat: Chunk             |    15 |    14 |    28 |    51 ||   108
       Royal jelly       |       |       |       |     3 ||     3
Armor: Robe              |    40 |    33 |   107 |    74 ||   254
       Troll leather arm |       |       |       |    49 ||    49
Dodge: Dodged            |    33 |    32 |    87 |   117 ||   269
Block: Shield            |    48 |    41 |   190 |   220 ||   499
